 Dungeon Crawl Stone Soup version 0.28.0-53-g5a82cb258f (webtiles) character file.

Game seed: 11977288886672102529

31 issech the Skirmisher (level 3, -4/33 HPs)
             Began as a Minotaur Monk on June 26, 2022.
             Slain by a gnoll
             ... wielding a +0 flail
              (6 damage)
             ... on level 2 of the Dungeon.
             The game lasted 00:02:25 (1363 turns).

issech the Skirmisher (Minotaur Monk)               Turns: 1363, Time: 00:02:25

Health: -4/33      AC:  3    Str: 15    XL:     3   Next: 7%
Magic:  2/2        EV: 12    Int:  7    God:
Gold:   17         SH:  5    Dex: 14    Spells: 2/2 levels left

rFire   . . .      SeeInvis .   a - +0 hand axe
rCold   . . .      Faith    .   (no shield)
rNeg    . . .      Spirit   .   o - +0 leather armour
rPois   .          Reflect  +   (helmet restricted)
rElec   .          Harm     .   (no cloak)
rCorr   .          Rampage  .   (no gloves)
Will    +....                   (no boots)
Stlth   ++........              k - amulet of reflection
HPRegen 0.11/turn               i - ring of flight
MPRegen 0.08/turn               l - ring of willpower

@: flying
A: horns 2, retaliatory headbutt
a: no special abilities


You were on level 2 of the Dungeon.
You visited 1 branch of the dungeon, and saw 2 of its levels.

You collected 17 gold pieces.

Inventory:

Hand Weapons
 a - a +0 hand axe (weapon)
Missiles
 c - 85 stones (quivered)
 d - 14 sling bullets
 f - 17 bolts
 m - a throwing net
 n - 21 arrows
Armour
 o - a +0 leather armour (worn)
Jewellery
 i - a ring of flight (left hand)
 k - an amulet of reflection (around neck)
 l - a ring of willpower (right hand)
Scrolls
 b - a scroll of vulnerability {unknown}
 e - a scroll of identify {unknown}
 g - 2 scrolls of fog {unknown}
 p - a scroll of enchant weapon {unknown}
Potions
 h - a potion of attraction {unknown}
 j - a potion of curing {unknown}


   Skills:
 + Level 4.2 Fighting
 + Level 4.2 Axes
 + Level 3.5 Dodging
 + Level 1.8 Stealth


You had 2 spell levels left.
You didn't know any spells.
Your spell library was empty.

Dungeon Overview and Level Annotations

Branches:
Dungeon (2/15)

Altars:
Cheibriados


Innate Abilities, Weirdness & Mutations

You have a pair of horns on your head.
You reflexively headbutt those who attack you in melee.


Message History

You now have 17 gold pieces (gained 2).
c - 72 stones (gained 22)
An adder comes into view.
Found 13 stones.
The adder hisses angrily.
Found a scroll labelled GOIKOWKUCK.
You see here a scroll labelled WYROEL QEX.
b - a scroll labelled WYROEL QEX You barely miss the adder.
The adder barely misses you.
You hit the adder.
The adder is lightly wounded.
The adder closely misses you. You furiously retaliate!
You headbutt the adder!
You kill the adder!
You have reached level 3!
Your experience leads to an increase in your attributes!
Increase (S)trength, (I)ntelligence, or (D)exterity?
You feel agile. x2
Found a robe.
c - 85 stones (gained 13)
p - a scroll labelled GOIKOWKUCK A gnoll comes into view.
It is wielding a +0 flail. 2 gnolls come into view.
Found a scroll labelled SIOGUTROFI.
You hit the gnoll.
The gnoll is heavily wounded.
The gnoll shouts!
You hear an angry hiss.
The gnoll hits you with a +0 flail!
You hit the gnoll.
The gnoll is severely wounded.
You barely miss the gnoll.
A ball python comes into view.
The gnoll barely misses you. The gnoll hits you with a +0 flail!
* * * LOW HITPOINT WARNING * * *
You hit the gnoll but do no damage.
The gnoll is severely wounded.
You hit the gnoll but do no damage.
The gnoll hits you from afar with a +0 spear!
* * * LOW HITPOINT WARNING * * *
The gnoll hits you with a +0 flail.
You die...

##..........##...
#...##...........#...
#.##.............#...
..#.####...<###.##+#
#.#.####..#.........
##.........#.###.##..
...##.###.#+###.##..
#..##.##.###.......###.
#....g@..........### #.
#....g#######....# #.
#....g #..#...# #.
....... ##>+...# #+
....... ## .... ..S....
... ....... #.. ......?


You could see 3 gnolls and a ball python.

Vanquished Creatures
  An adder (D:2)
  A bat (D:2)
  3 endoplasms
  2 giant cockroaches (D:1)
  2 hobgoblins (D:1)
  A quokka (D:2)
  A ball python (D:1)
  5 frilled lizards (D:1)
  2 goblins
  3 kobolds (D:1)
  A rat (D:2)
22 creatures vanquished.

Notes
Turn   | Place    | Note
-------+----------+-------------------------------------------
     0 | D:1      | issech the Minotaur Monk began the quest for the Orb.
     0 | D:1      | Reached XP level 1. HP: 19/19 MP: 0/0
   207 | D:1      | Reached XP level 2. HP: 12/27 MP: 1/1
  1190 | D:2      | Found a snail-covered altar of Cheibriados.
  1340 | D:2      | Reached XP level 3. HP: 33/33 MP: 2/2
  1363 | D:2      | Slain by a gnoll

Illustrated notes

Levels and vault maps discovered:
D:1:      psy_arrival_fountain, layout_loops_ring
D:2:      layout_basic, basic_altar

Skill      XL: |  1  2 |
---------------+-------+-----
Fighting       | 4 |  4.2
Axes           | 4 |  4.2
Dodging        | |  3.5
Stealth        | |  1.8

Action                   || total
-------------------------++-------
Melee: Hand axe          ||    49
       Headbutt          ||     8
 Stab: Sleeping          ||     1
Armor: Robe              ||    12
Dodge: Dodged            ||    29
